 Dungeon Crawl Stone Soup version 0.29-a0-323-g050149af67 (webtiles) character file.

Game seed: 9916352698062254534

434 Morbidden the Ruffian (level 6, 0/61 HPs)
             Began as a Troll Monk on Apr 11, 2022.
             Slain by a killer bee (5 damage)
             ... on level 7 of the Dungeon.
             The game lasted 00:04:31 (2219 turns).

Morbidden the Ruffian (Troll Monk)                  Turns: 2219, Time: 00:04:32

Health: 0/61       AC:  4    Str: 20    XL:     6   Next: 68%
Magic:  6/6        EV: 10    Int:  8    God:
Gold:   141        SH:  5    Dex: 12    Spells: 7/7 levels left

rFire   . . .      SeeInvis .     - Unarmed
rCold   . . .      Faith    .   (no shield)
rNeg    . . .      Spirit   .   a - +0 robe
rPois   .          Reflect  +   (helmet restricted)
rElec   .          Harm     .   (no cloak)
rCorr   .          Rampage  .   (gloves unavailable)
Will    .....                   (boots unavailable)
Stlth   ++........              q - amulet of reflection
HPRegen 1.00/turn               c - ring of wizardry
MPRegen 0.10/turn               (no ring)

@: mighty, lethally poisoned (0 -> -6)
A: large, unfitting armour, claws 3, regeneration 1, shaggy fur 1, tough skin 1
a: no special abilities


You were on level 7 of the Dungeon.
You visited 1 branch of the dungeon, and saw 5 of its levels.

You collected 141 gold pieces.

Inventory:

Armour
 a - a +0 robe (worn)
Jewellery
 c - a ring of wizardry (left claw)
 q - an amulet of reflection (around neck)
Wands
 k - a wand of paralysis (8)
Scrolls
 d - 6 scrolls of identify {unknown}
 g - a scroll of fear {unknown}
 h - a scroll of enchant weapon {unknown}
 l - a scroll of torment {unknown}
Potions
 b - a potion of ambrosia
 f - 2 potions of brilliance
 o - a potion of attraction {unknown}


   Skills:
 * Level 3.1 Fighting
 + Level 0.2 Throwing
 * Level 3.7 Dodging
 + Level 1.4 Stealth
 * Level 5.5 Unarmed Combat
 * Level 1.1 Spellcasting


You had 7 spell levels left.
You didn't know any spells.
Your spell library was empty.

Dungeon Overview and Level Annotations

Branches:
Dungeon (7/15)
 Temple: D:4-7

Altars:
Vehumet

Shops:
D:3 (:**=

Annotations:
D:7 exclusion: statue


Innate Abilities, Weirdness & Mutations

You are too large for most types of armour.
You have claws for hands.
Your natural rate of healing is unusually fast.
You are covered in fur. (AC +1)
You have tough skin. (AC +1)


Message History

* * * LOW HITPOINT WARNING * * *
The killer bee barely misses you.
Unknown command.
Unknown command.
It was a potion of brilliance.
You feel clever all of a sudden.
You feel sick.
You are no longer poisoned.
The killer bee stings you.
* * * LOW HITPOINT WARNING * * *
You are poisoned.
The killer bee poisons you!
The killer bee stings you but does no damage.
It was a potion of invisibility.
You fade into invisibility!
You feel very sick. The killer bee barely misses you. x2
Unknown command.
Unknown command.
It was a potion of cancellation.
Your magical effects are unravelling.
You feel magically purged.
You flicker back into view.
You feel a little less clever now.
You feel your willpower return.
The sentinel's mark upon you fades away.
You feel sick.
A hound comes into view.
The killer bee stings you.
* * * LOW HITPOINT WARNING * * *
The killer bee stings you.
* * * LOW HITPOINT WARNING * * *
You are lethally poisoned!
The killer bee poisons you!
Unknown command.
It was a potion of might.
You feel very mighty all of a sudden.
* * * LOW HITPOINT WARNING * * *
You feel very sick. The killer bee stings you.
You die...

###############
..............
#####............
................#
###.......#
#.........#
##########.h##.##..#
.......@yly(#...# .#
.##########.#...#
..#...# #.F#._.#
#..#...# #..#.8.#
...# ...#


You could see an iguana, a hound and 2 killer bees.

Vanquished Creatures
  A bullfrog (D:7)
  A necrophage (D:7)
  A scorpion (D:4)
  A killer bee (D:7)
  An orc priest (D:3)
  A hound (D:4)
  Ijyb (D:4)
  4 adders
  2 dart slugs
  3 orcs (D:3)
  8 endoplasms
  11 goblins
  6 hobgoblins
  7 jackals (D:2)
  8 quokkas
  5 ball pythons
  6 bats
  4 frilled lizards
  4 kobolds
  4 rats
79 creatures vanquished.

Vanquished Creatures (others)
  A plant (D:4)
1 creature vanquished.

Grand Total: 80 creatures vanquished

Notes
Turn   | Place    | Note
-------+----------+-------------------------------------------
     0 | D:1      | Morbidden the Troll Monk began the quest for the Orb.
     0 | D:1      | Reached XP level 1. HP: 22/22 MP: 0/0
    72 | D:1      | Reached XP level 2. HP: 29/29 MP: 1/1
   816 | D:1      | Reached XP level 3. HP: 36/36 MP: 2/2
  1139 | D:2      | Reached XP level 4. HP: 44/44 MP: 3/3
  1598 | D:3      | Found Repammuf's General Store.
  1618 | D:3      | Found Qaurocal's Book Shoppe.
  1660 | D:3      | Reached skill level 4 in Unarmed Combat
  1660 | D:3      | Found Dacacee's Antique Weapon Shoppe.
  1875 | D:3      | Reached XP level 5. HP: 52/52 MP: 4/4
  1932 | D:3      | Found Meabloam's Jewellery Shoppe.
  1950 | D:3      | Found Pegil Mehu's Assorted Antiques.
  2080 | D:4      | Noticed Ijyb
  2090 | D:4      | Killed Ijyb
  2122 | D:4      | Reached skill level 5 in Unarmed Combat
  2122 | D:4      | Reached XP level 6. HP: 50/61 MP: 6/6
  2181 | D:4      | You fall into a shaft and drop 3 floors!
  2186 | D:7      | Found a radiant altar of Vehumet.
  2209 | D:7      | Reached skill level 1 in Spellcasting
  2219 | D:7      | Slain by a killer bee

Illustrated notes

Levels and vault maps discovered:
D:1:      lemuel_arrival_hallway, layout_basic, serial_co_window_serial,
          co_window_paths_a, co_window_corner_a, co_window_paths_b,
          co_window_paths_a, co_window_corner_a, co_window_unsneaky_path_d,
          co_window_corner_b, co_window_paths_c, co_window_corner_ca,
          minmay_hexomino_p4
D:2:      layout_loops_ring, st_stairs_11
D:3:      layout_rooms, serial_shops, nicolae_square_shop,
          nicolae_shop_hallway_plus, nicolae_diamond_shop, shop,
          nicolae_shop_temple_entry_statues_fountains
D:4:      cheibrodos_old_hovel, layout_cave_pools, serial_bayou_pond_d,
          hangedman_minor_gate_pass, uniq_ijyb, uniq_grinder
D:7:      layout_basic, vehumet_statue, gup_ossuary_entry_pyramid

Skill      XL: |  1  2  3  4  5  6 |
---------------+-------------------+-----
Dodging        | 3 |  3.7
Unarmed Combat | 4 5 |  5.5
Fighting       | 3 |  3.1
Spellcasting   | 1 |  1.1
Throwing       | |  0.2
Stealth        | |  1.4

Action                   |  1- 3 |  4- 6 || total
-------------------------+-------+-------++-------
Melee: Unarmed           |   105 |    93 ||   198
       Punch             |     2 |     2 ||     4
Throw: Dart              |     1 |    11 ||    12
  Use: Potion            |       |     4 ||     4
       Scroll            |       |     3 ||     3
 Stab: Sleeping          |     3 |       ||     3
Armor: Robe              |    58 |    26 ||    84
Dodge: Dodged            |    74 |    47 ||   121
Block: Other             |       |    11 ||    11

Table legend: (Time is in decaauts)
 A = Elapsed time spent in this place.
 B = Non-inter-level travel time spent in this place.
 C = Inter-level travel time spent in this place.
 D = Time resting spent in this place.
 E = Time spent auto-exploring this place.
 F = Levels seen in this place.
 G = Mean time per level.
                   A        B        C        D        E       F      G
               +--------+--------+--------+--------+--------+-----+--------+
         Total |   2202 |   2145 |     57 |     37 |   1524 |   5 |  440.4 |
       Dungeon |   2202 |   2145 |     57 |     37 |   1524 |   5 |  440.4 |
               +--------+--------+--------+--------+--------+-----+--------+

Top non-repeatable levels by time:
     D:1: 828 daAuts
     D:2: 730 daAuts
     D:3: 408 daAuts
     D:4: 198 daAuts
     D:7: 36 daAuts
